[Event "*** Titled Tuesday 3|2 Blitz (Late)"]
[Site "Chess.com"]
[Date "2016.12.06"]
[Round "7"]
[White "MFBerna"]
[Black "micfel"]
[Result "0-1"]
[WhiteElo "2188"]
[BlackElo "2282"]
[TimeControl "180+2"]
[EndTime "18:24:28 PST"]
[Termination "micfel won by resignation"]

1. e4 e5 2. Nf3 Nf6 3. Nxe5 d6 4.
Nf3 Nxe4 5. d4 d5 6. Bd3 Be7 7. O-O O-O 8. c4 c6 9. Nc3 Nxc3 10. bxc3 Bg4 11. h3 Bh5 12. Qb3 Bxf3 13. Qxb7 Nd7 14. gxf3 dxc4 15. Bxc4 Nb6 16. Bb3 c5 17. dxc5 Bxc5 18.
Bf4 Qh4 19. Bh2 Qxh3 20. Rae1 h6 21. Qe4 Rac8 22. Qg4 Qxg4+ 23. fxg4 Ba3 24. Be5 Nc4 25. Bxc4 Rxc4 26. f3 Bb2 27. Re3 Re8 28. Rfe1 Rec8 29. Kf1 Bxc3 30. Bxc3 Rxc3 31. Rxc3 Rxc3 32. Re8+ Kh7 33.
Kf2 Rc2+ 34. Kg3 Rxa2 35. Re7 Kg6 36. Rb7 a5 37. Rb6+ f6 38. Ra6 a4 39. f4 h5 40.
gxh5+ Kxh5 41. Ra5+ Kg6 42. Kg4 f5+ 43. Kf3 Ra3+ 44.
Kf2 Ra1 45. Ra6+ Kh5 46. Kg3 a3 47. Ra7 a2 48. Kg2 0-1

[Event "*** Titled Tuesday 3|2 Blitz (Late)"]
[Site "Chess.com"]
[Date "2016.12.06"]
[Round "7"]
[White "ShimanovAlex"]
[Black "platy3"]
[Result "1-0"]
[WhiteElo "2678"]
[BlackElo "2692"]
[TimeControl "180+2"]
[EndTime "18:24:51 PST"]
[Termination "ShimanovAlex won by resignation"]

1. d4 Nf6 2. Nf3 e6 3. Bf4 Be7 4. Nc3 d5 5. e3 O-O 6. Bd3 c5 7.
dxc5 Nbd7 8. b4 a5 9. a3 Nb8 10. Nb5 Na6 11. c3 b6 12. c6 Qe8 13. Nfd4 Ne4 14.
Bxe4 dxe4 15. Nd6 Qd8 16. Nxe4 Qd5 17. Qf3 Rd8 18. O-O e5 19. c4 Qxc4 20. Bxe5 f6 21.
Bg3 Be6 22. Nxe6 Qxe6 23. b5 Nc5 24. Nxc5 Bxc5 25. a4 Rac8 26. Rfd1 Kf7 27. h3 g6 28. Rxd8 Rxd8 29. Rd1 Rxd1+ 30. Qxd1 Ke7 31. Bc7 Qc8 32. Bf4 Qe6 33. Qd3 Ke8 34. c7 Qc8 35. Qd5 Ke7 36.
Qc6 g5 37. Bg3 h5 38. h4 g4 39. Bf4 Kf7 40. Qe4 Kg7 41. Qd5 Be7 42. Bd6 1-0

[Event "*** Titled Tuesday 3|2 Blitz (Late)"]
[Site "Chess.com"]
[Date "2016.12.06"]
[Round "7"]
[White "MaestroASK"]
[Black "Bigfish1995"]
[Result "1-0"]
[WhiteElo "2490"]
[BlackElo "2692"]
[TimeControl "180+2"]
[EndTime "18:24:53 PST"]
[Termination "MaestroASK won by resignation"]

1. g3 d5 2. d3 e5 3. e4 dxe4 4. dxe4 Qxd1+ 5. Kxd1 Bc5 6. f3 Be6 7. Bh3 Bc4 8. Nd2 Ba6 9. Bf1 Ne7 10. c3 h5 11. Nh3 f6 12. b4 Bxf1 13. Rxf1 Bb6 14. a4 a5 15. b5 Nd7 16. Nc4 Bc5 17. Kc2 Nc8 18. Nf2 Nd6 19. Nxd6+ cxd6 20. Nd3 Rc8 21. Nxc5 Nxc5 22. Be3 Ke7 23. Rfd1 g5 24. Rd5 g4 25. Bxc5 Rxc5 26. Rxc5 dxc5 27. Rf1 gxf3 28. Rxf3 h4 29. g4 h3 30. Kb3 Ke6 31. Kc4 b6 32. Rg3 Rh4 33.
Rg1 Kd6 34. Rg3 Ke6 35. Rg1 Kd6 36. Kd3 Rh8 37. Ke3 Ke6 38. Rd1 c4 39. Kf3 Ke7 40. Kg3 Ke6 41. Rf1 Rd8 42. Rf3 Rd2 43. Kxh3 Ra2 44.
Kg3 Rxa4 45. h4 Ra1 46. g5 fxg5 47. hxg5 Kd6 48. Kh2 Kc5 49. g6 Ra2+ 50. Kh3 Rf2 1-0

[Event "*** Titled Tuesday 3|2 Blitz (Late)"]
[Site "Chess.com"]
[Date "2016.12.06"]
[Round "7"]
[White "CemilCan"]
[Black "Bishops83"]
[Result "1-0"]
[WhiteElo "2493"]
[BlackElo "2283"]
[TimeControl "180+2"]
[EndTime "18:25:02 PST"]
[Termination "CemilCan won by checkmate"]

1. e4 c5 2. Nf3 Nc6 3. d4 cxd4 4.
Nxd4 Nf6 5. Nc3 e5 6. Ndb5 d6 7.
Nd5 Nxd5 8. exd5 Nb8 9. Qf3 Be7 10. Qc3 Na6 11. Be3 O-O 12. Nxa7 Bd7 13. Bxa6 bxa6 14. O-O Qb8 15. Nc6 Bxc6 16. dxc6 Rc8 17. f4 Qb5 18. fxe5 Rxc6 19. Qa3 Rxc2 20. Rad1 Qb7 21. Rd2 Rxd2 22. Bxd2 dxe5 23. Qc3 Qd5 24. Be3 Rd8 25. Qc7 Bf6 26. h3 e4 27. b3 Be5 28. Qa7 a5 29. Qb6 Rc8 30. Kh1 Rc2 31. a4 h6 32. Qb5 Qxb5 33. axb5 Rb2 34. b6 Rxb3 35. Bg1 a4 36. Rd1 a3 37. Rd8+ Kh7 38. Ra8 Bb2 39. g3 e3 40.
Kg2 Rxb6 41. Bxe3 Re6 42. Kf3 Rf6+ 43. Ke2 Rc6 44. Kd2 Rd6+ 45. Ke2 Re6 46. Kf3 Rc6 47. Ra7 Kg6 48. g4 f6 49. Bd2 Rc2 50. Bb4 Rh2 51. Bf8 Rxh3+ 52. Kg2 Rb3 53. Rxg7# 1-0

[Event "*** Titled Tuesday 3|2 Blitz (Late)"]
[Site "Chess.com"]
[Date "2016.12.06"]
[Round "7"]
[White "visa"]
[Black "Rating-Schmating"]
[Result "1/2-1/2"]
[WhiteElo "2144"]
[BlackElo "2233"]
[TimeControl "180+2"]
[EndTime "18:25:13 PST"]
[Termination "Game drawn - insufficient material"]

1. e4 e6 2. d4 d5 3. exd5 exd5 4.
Nf3 Bd6 5. c4 dxc4 6. Bxc4 Nf6 7. h3 O-O 8. O-O Bf5 9. Nc3 c6 10. Bg5 h6 11. Bh4 Nbd7 12. Re1 Qc7 13. Rc1 Rae8 14.
Rxe8 Rxe8 15. Nb5 cxb5 16. Bxf7+ Kxf7 17. Rxc7 Bxc7 18. Qb3+ Be6 19. Qxb5 Bd5 20. Bxf6 Nxf6 21. a4 Bc6 22. Qc4+ Kf8 23. Ne5 Bxe5 24. Qc5+ Bd6 25. Qxd6+ Kf7 26. a5 Re7 27. a6 Rd7 28. axb7 Bxb7 29.
Qc5 Bd5 30. b4 Ke6 31. b5 Ne4 32. Qc8 Nd6 33. Qg8+ Rf7 34. f4 Nf5 35. Qc8+ Kf6 36. Qd8+ Ne7 37. g4 g6 38. Qh8+ Ke6 39. Qxh6 Kd7 40.
Qg5 Be6 41. Qe5 Nd5 42. Qb8 Nxf4 43. Qxa7+ Kd6 44. Qb8+ Kd5 45. Qe5+ Kc4 46. b6 Bd5 47. h4 Rb7 48. Qxf4 Rxb6 49. h5 gxh5 50. gxh5 Rb1+ 51. Kf2 Rb2+ 52. Kg3 Rg2+ 53. Kh4 Rg1 54. h6 Rh1+ 55.
Kg5 Rg1+ 56. Kf6 Rh1 57. Qc7+ Kd3 58. h7 Be4 59. Qg3+ Kxd4 60. Qe5+ Kd3 61. Qxe4+ Kxe4 62. Kg7 Rxh7+ 63. Kxh7 1/2-1/2

[Event "*** Titled Tuesday 3|2 Blitz (Late)"]
[Site "Chess.com"]
[Date "2016.12.06"]
[Round "7"]
[White "Scott-fox21"]
[Black "Fh2411"]
[Result "0-1"]
[WhiteElo "2179"]
[BlackElo "2364"]
[TimeControl "180+2"]
[EndTime "18:25:26 PST"]
[Termination "Fh2411 won by resignation"]

1. d4 d5 2. c4 c6 3. Nf3 Nf6 4.
Qc2 dxc4 5. Qxc4 Bf5 6. g3 e6 7.
Bg2 Nbd7 8. O-O Be7 9. e3 O-O 10.
Rd1 Rc8 11. Nc3 b5 12. Qe2 b4 13. Nb1 c5 14. dxc5 Rxc5 15. Nbd2 Rc2 16. Nd4 Ne5 17.
Nxc2 Bd3 18. Nf3 Bxe2 19. Rxd8 Rxd8 20. Nfd4 Bd3 21. Ne1 Be4 22. Bd2 Bxg2 23. Kxg2 Nc4 24. Bc1 Rc8 25. b3 Nb6 26. Bd2 Ne4 27. Nef3 e5 28. Nf5 Bf8 29. Be1 g6 30. N5h4 f6 31. Nd2 Nc5 32. Rc1 Nd3 33. Rxc8 Nxc8 34. Nhf3 Nc1 35. Ne4 Kf7 36. g4 Ke6 37. g5 f5 38.
Nf6 h6 39. Ne8 Nxa2 40. Nc7+ Kd7 41. Nd5 hxg5 42. Nxe5+ Ke6 43. Nxg6 Bd6 44. e4 fxe4 45.
Ne3 Kf7 46. Nf5 Kxg6 47. Nxd6 Nxd6 48. Kf1 Nb5 49. Ke2 Nd4+ 50. Ke3 Nc2+ 0-1

[Event "*** Titled Tuesday 3|2 Blitz (Late)"]
[Site "Chess.com"]
[Date "2016.12.06"]
[Round "7"]
[White "Pierrebl"]
[Black "nonscitis"]
[Result "1-0"]
[WhiteElo "2440"]
[BlackElo "2361"]
[TimeControl "180+2"]
[EndTime "18:25:47 PST"]
[Termination "Pierrebl won on time"]

1. Nf3 Nf6 2. g3 e6 3. Bg2 b5 4.
O-O Bb7 5. d3 d5 6. e4 dxe4 7. Ng5 Be7 8. Nc3 O-O 9. Nxb5 c6 10. Nxe4 Nbd7 11. Nbc3 Nxe4 12. Nxe4 Nf6 13. Nxf6+ Bxf6 14. c3 Rc8 15. d4 Qc7 16. Bf4 Qb6 17. Qb3 Rfd8 18. Rfe1 h6 19. Be5 Be7 20. h4 Ba6 21.
Bf4 Bf6 22. Be3 Qc7 23. Qc2 Bb7 24. Rad1 Qb6 25. Rd2 Qa5 26. a3 Qh5 27. Qb3 Ba8 28.
Qa4 Qg4 29. Qxa7 c5 30. Bxa8 Rxa8 31. Qxc5 Bxh4 32. Qc6 Bxg3 33. Qg2 Ra5 34. fxg3 Rh5 35. Rf2 Rdd5 36. Rf4 Qg6 37. Ref1 Rdg5 38. R1f3 f6 39. Bf2 e5 40. dxe5 fxe5 41. Rf8+ Kh7 42. Be3 Rg4 43.
Rd8 e4 44. Rff8 Qc6 45. Rh8+ Kg6 46. Bf4 Rd5 47. Qxe4+ Kh5 48. Qxd5+ g5 49. Qxc6 1-0

[Event "*** Titled Tuesday 3|2 Blitz (Late)"]
[Site "Chess.com"]
[Date "2016.12.06"]
[Round "7"]
[White "amurdercastle"]
[Black "capatl"]
[Result "0-1"]
[WhiteElo "2395"]
[BlackElo "2396"]
[TimeControl "180+2"]
[EndTime "18:25:57 PST"]
[Termination "capatl won by resignation"]

1. d4 d5 2. c4 e6 3. Nf3 Nf6 4. g3 Be7 5. Bg2 O-O 6. O-O b6 7.
Qc2 Bb7 8. Bf4 Nbd7 9. Rd1 Rc8 10. Ne5 c6 11. Nc3 Nxe5 12. dxe5 Nd7 13. cxd5 cxd5 14. e4 dxe4 15. Bxe4 Bxe4 16. Qxe4 Qc7 17. Nb5 Nc5 18. Qe2 Qb7 19. Nd6 Bxd6 20. exd6 Nd7 21. Bg5 Rc5 22. Be7 Rfc8 23. h4 b5 24. h5 h6 25. Rd2 a6 26. Rad1 Re5 27. Qg4 Qe4 28.
Qxe4 Rxe4 29. Kg2 Rc5 30. f3 Rec4 31. g4 Rc2 32. Kf2 f6 33. Bd8 Kf7 34. Ba5 e5 35. Bc3 Rxd2+ 36. Rxd2 Rc4 37. a3 Ke6 38.
Bb4 Rd4 39. Rc2 Rc4 40. Rd2 Rc6 41. Ke3 Nb6 42. Ke4 Nc4 43. Rd1 Kd7 44. f4 Nxb2 45.
Rb1 Rc4+ 46. Kf5 Rxf4+ 47. Kg6 Rxg4+ 48. Kh7 Nc4 49. Kg8 Rg5 50. Rd1 e4 51. Re1 e3 52.
Re2 f5 53. Kf7 f4 54. Bc5 Rxc5 55. Kxg7 Rxh5 56. Kg6 Rd5 57. Kxh6 f3 58. Re1 f2 59. Rf1 Rf5 0-1

[Event "*** Titled Tuesday 3|2 Blitz (Late)"]
[Site "Chess.com"]
[Date "2016.12.06"]
[Round "7"]
[White "viditchess"]
[Black "wonderfultime"]
[Result "1/2-1/2"]
[WhiteElo "2617"]
[BlackElo "2679"]
[TimeControl "180+2"]
[EndTime "18:26:28 PST"]
[Termination "Game drawn by agreement"]

1. d4 d5 2. c4 c6 3. Nf3 Nf6 4. e3 Bf5 5. Nc3 e6 6. Nh4 Be4 7. f3 Bg6 8. Qb3 Qc7 9. Bd2 Be7 10.
Nxg6 hxg6 11. O-O-O dxc4 12. Bxc4 b5 13. Be2 a6 14. Ne4 Nbd7 15. Kb1 Nxe4 16. fxe4 c5 17. Qc2 Rxh2 18. e5 Rxh1 19. Rxh1 Rc8 20. Rh8+ Bf8 21. Bg4 cxd4 22. Qxc7 Rxc7 23. exd4 Rc4 24. Bc3 b4 25. Be2 Rc6 26. Bxb4 f6 27. exf6 gxf6 28.
Bf3 Rc7 29. d5 e5 30. Bxf8 Nxf8 31. d6 Rc8 32. Bb7 Rd8 33. Bxa6 Rxd6 34. Bb5+ Ke7 35. a4 e4 36. Kc1 f5 37. Bc4 Nd7 38. a5 Ne5 39.
Be2 f4 40. a6 f3 41. gxf3 exf3 42. Bf1 Nc6 43. b4 Re6 44. Kd2 Rd6+ 45. Kc3 Rd1 46.
Bb5 f2 47. a7 Nxa7 48. Rh7+ Kd8 49. Rxa7 f1=Q 50. Bxf1 Rxf1 51. Rg7 Rf6 52. b5 Kc8 53. Kb4 Kb8 54. Ka5 Re6 55. b6 Re1 56. Rxg6 Ra1+ 57.
Kb5 Rb1+ 58. Kc6 Rc1+ 1/2-1/2

[Event "*** Titled Tuesday 3|2 Blitz (Late)"]
[Site "Chess.com"]
[Date "2016.12.06"]
[Round "7"]
[White "AllStarShark"]
[Black "MattyDPerrine"]
[Result "0-1"]
[WhiteElo "2320"]
[BlackElo "2232"]
[TimeControl "180+2"]
[EndTime "18:26:33 PST"]
[Termination "MattyDPerrine won by checkmate"]

1. d4 Nf6 2. Bg5 Ne4 3. Bf4 d5 4. e3 g6 5. Bd3 Bg7 6. Nd2 c5 7. c3 Nxd2 8. Qxd2 Qb6 9. Nf3 Nc6 10. O-O O-O 11. h3 Rd8 12. a3 c4 13. Be2 Na5 14.
Bd1 Bf5 15. Ne1 Nb3 16. Bxb3 Qxb3 17. g4 Be6 18. Qc2 Qb6 19. Rb1 h5 20. f3 hxg4 21.
hxg4 Bd7 22. b3 cxb3 23. Rxb3 Qa6 24. Qb2 b6 25. Nc2 Ba4 26. Rb4 e6 27. Qc1 Bf8 28. Kg2 Rac8 29. Be5 Rxc3 30. Rh1 f6 31. Rh8+ Kxh8 32.
Bxf6+ Kg8 33. Qh1 Rxc2+ 34. Kg3 Bg7 35. Bxd8 Qe2 36. Qg1 Bb5 37. Rb1 e5 38. Re1 Qd3 39. dxe5 Bxe5+ 40. f4 Bg7 41. Rd1 Qe4 42. Qh1 Qxe3+ 43. Qf3 Qxf3+ 44. Kxf3 d4 45. f5 gxf5 46. gxf5 Kf7 47. f6 Bc6+ 48. Kf4 Bxf6 49. Bxf6 Kxf6 50.
Rxd4 Ke6 51. Ke3 Rc3+ 52. Kd2 Rxa3 53. Rh4 Kd6 54. Kc2 Kc5 55. Kb2 Rd3 56. Rh5+ Rd5 57. Rh7 a5 58. Rc7 Kb5 59. Rh7 Rc5 60. Kb3 a4+ 61. Ka3 Rc3+ 62. Kb2 Kb4 63. Ka2 Rc2+ 64. Kb1 Be4 65. Ka1 Bxh7 66. Kb1 Kb3 67. Ka1 Rc1# 0-1

[Event "*** Titled Tuesday 3|2 Blitz (Late)"]
[Site "Chess.com"]
[Date "2016.12.06"]
[Round "7"]
[White "FearlessKing64"]
[Black "nonsopolo1"]
[Result "0-1"]
[WhiteElo "2004"]
[BlackElo "2179"]
[TimeControl "180+2"]
[EndTime "18:26:37 PST"]
[Termination "nonsopolo1 won by resignation"]

1. e4 c5 2. Nf3 d6 3. d4 cxd4 4.
Nxd4 Nf6 5. Nc3 g6 6. Be3 Bg7 7. f3 O-O 8. Qd2 Nc6 9. O-O-O Nxd4 10. Bxd4 Be6 11. Kb1 Qc7 12. h4 Rfc8 13. h5 Qa5 14. hxg6 fxg6 15. Nd5 Qxd2 16. Nxf6+ Bxf6 17. Rxd2 Bxd4 18. Rxd4 Rc5 19. Bd3 Rac8 20. b3 a5 21. a4 Kg7 22.
Rf1 Rg5 23. Rf2 Rf8 24. Bc4 Bc8 25. Kc1 Rh5 26. Kd2 Rh2 27. Rd5 Bh3 28. Bf1 b6 29.
Ke3 Be6 30. Rdd2 Rh5 31. g4 Rc5 32. Rg2 Kf6 33. f4 Bc8 34. c4 Bb7 35. Rh2 Rf7 36. Bh3 g5 37. Rdf2 Kg7 38. Bg2 gxf4+ 39. Rxf4 Rxf4 40. Kxf4 h6 41. Bf3 Re5 42. Rd2 Kg6 43. Rh2 Re6 44. Ke3 Re5 45. Kd4 Kg7 46. Rh4 Bc8 47. Ke3 Bd7 48. Kf4 Be6 49. Ke3 Bd7 50. Kd4 Kg6 51. Ke3 Be8 52. Kf4 Re6 53. Ke3 Kg5 54.
Rh5+ Bxh5 55. gxh5 Re5 56. Be2 Kh4 57. Kd4 Kg3 58. Ke3 Re6 59. Bf3 Rf6 60. Be2 Rf2 61. Kd2 Kf4 62. Ke1 Ke3 0-1

[Event "*** Titled Tuesday 3|2 Blitz (Late)"]
[Site "Chess.com"]
[Date "2016.12.06"]
[Round "7"]
[White "hypert"]
[Black "Larax"]
[Result "1/2-1/2"]
[WhiteElo "2257"]
[BlackElo "1898"]
[TimeControl "180+2"]
[EndTime "18:27:31 PST"]
[Termination "Game drawn by agreement"]

1. e4 e5 2. Nf3 Nc6 3. Bb5 a6 4.
Ba4 Nf6 5. O-O Be7 6. d3 b5 7.
Bb3 O-O 8. Nc3 d6 9. a3 Be6 10.
Bxe6 fxe6 11. d4 exd4 12. Nxd4 Nxd4 13. Qxd4 c5 14. Qd3 d5 15. Qh3 Qd7 16. exd5 Nxd5 17. Nxd5 Qxd5 18. Be3 Bf6 19. c3 Rfd8 20. Rfe1 Qb3 21.
Rab1 Rac8 22. Qf3 Qd5 23. Qg4 Qf5 24. Qe2 Qd3 25. Kf1 c4 26. Red1 Qxe2+ 27. Kxe2 Kf7 28. Bb6 Rd5 29. Ba5 Rcc5 30. f4 Rxd1 31. Rxd1 Rd5 32. Rxd5 exd5 33. Bb6 Ke6 34. g4 h5 35. h3 hxg4 36. hxg4 g6 37. Ke3 Bh4 38. Bd4 Be7 39.
Kf3 Bd8 40. Ke2 Be7 41. Kd1 Bd6 42. Be3 d4 43. cxd4 Kd5 44. f5 gxf5 45. gxf5 Ke4 46.
Ke2 Kxf5 47. Kf3 a5 48. Bd2 b4 49. axb4 axb4 50. Be1 b3 51. Bc3 Bf4 52. Be1 Bg5 53.
Ba5 Bf6 54. Bc3 Bg7 55. Ke3 Bh6+ 56. Ke2 Ke4 57. Kd1 Bg7 58. Kc1 Bxd4 59. Be1 Kd3 60. Kb1 Be5 61. Ba5 Bd4 62. Bb4 Bf6 63. Ba5 Bh8 64.
Bb4 Bg7 65. Ba5 Be5 66. Bb4 Bf4 67. Ba5 Bd2 68. Bd8 Be3 69. Ba5 Bd4 70. Bb4 Be3 71. Ba5 Ke2 72. Bb4 Kd1 73. Ba5 Bd2 74. Bd8 Be3 75. Ba5 Bd4 76. Bb4 Ke2 77. Ba5 Kd3 78. Bb4 Bb6 79. Be1 Bd4 80. Bb4 c3 81. bxc3 Bxc3 82.
Ba3 1/2-1/2

[Event "*** Titled Tuesday 3|2 Blitz (Late)"]
[Site "Chess.com"]
[Date "2016.12.06"]
[Round "7"]
[White "Viaje"]
[Black "Divertissement"]
[Result "0-1"]
[WhiteElo "2266"]
[BlackElo "2431"]
[TimeControl "180+2"]
[EndTime "18:28:42 PST"]
[Termination "Divertissement won by resignation"]

1. d4 Nf6 2. c4 g6 3. Nc3 d5 4.
cxd5 Nxd5 5. e4 Nxc3 6. bxc3 Bg7 7. Nf3 c5 8. Rb1 O-O 9. Be2 b6 10. O-O Qc7 11. Be3 e6 12. Rc1 Bb7 13. Nd2 Nd7 14.
Qb3 Rac8 15. f3 cxd4 16. cxd4 Qxc1 17. Nc4 Qxf1+ 18. Bxf1 Ba8 19. Qa4 Rc7 20. Nd6 Rd8 21. e5 Bd5 22. Kf2 f6 23. exf6 Nxf6 24. Nb5 Rf7 25. Ke1 Rc8 26. Bd3 a5 27. Kd2 Bc6 28.
Qb3 Bxb5 29. Qxb5 Nd5 30. Bc4 Rfc7 31. Bxd5 exd5 32. Qxd5+ Kh8 33. Qe6 Rc2+ 34. Kd1 R2c6 35. Qd7 R6c7 36. Qe6 Rc6 37. Qg4 Rd8 38. h4 Rcd6 39.
Kc2 Bxd4 40. Bg5 Bf6 41. Bxf6+ Rxf6 42. h5 Kg7 43. hxg6 Rxg6 44. Qf4 Rxg2+ 45. Kc3 Rgd2 46.
Qc7+ R2d7 47. Qxb6 Rd3+ 48. Kc2 R3d5 49. Qc7+ Kg6 50. Qg3+ Kf6 51. Qf4+ Kg7 52. Qg4+ Kh8 53. Qf4 Kg8 54. Qg4+ Kf7 55. Qf4+ Ke6 56. Qh6+ Ke5 57. Qxh7 Rc8+ 58. Kb3 Rb5+ 59. Ka4 Rbc5 60. Qe4+ Kd6 61.
Qf4+ Kd5 62. Qe4+ Kd6 63. Qf4+ Kd7 64. Qf7+ Kc6 65. f4 Kb6 66. Qe6+ R8c6 67. Qe3 Ka6 68. Qd3+ Rc4+ 69. Kb3 a4+ 70. Kb2 Ka5 71. Qd5+ R4c5 72. Qd2+ Kb6 73. Qd4 Ka5 74. Qd2+ Ka6 75. Qd3+ Rb5+ 76.
Ka3 Kb6 77. Kxa4 Rbc5 78. Qd4 Kc7 79. Qg7+ Kb6 80. Qd4 Kc7 81. Kb4 Rc1 82. Qe5+ Kb6 83. f5 Rb1+ 84. Ka3 Rb5 85. Qe3+ Ka6 86. Qd3 Rf6 87.
Qc4 Rxf5 88. Qc6+ Ka7 89. Qc7+ Rb7 90. Qc4 Ra5+ 91. Qa4 Rxa4+ 92. Kxa4 Ka6 0-1

[Event "*** Titled Tuesday 3|2 Blitz (Late)"]
[Site "Chess.com"]
[Date "2016.12.06"]
[Round "7"]
[White "SwiftyMcBishop"]
[Black "Kawhi_Leonard2"]
[Result "1/2-1/2"]
[WhiteElo "2113"]
[BlackElo "2229"]
[TimeControl "180+2"]
[EndTime "18:28:58 PST"]
[Termination "Game drawn by repetition"]

1. e4 c5 2. Nf3 d6 3. c3 Nf6 4. h3 Nc6 5. Bd3 g6 6. Bc2 Bg7 7. O-O O-O 8. d4 cxd4 9. cxd4 Nb4 10.
Nc3 Nxc2 11. Qxc2 b6 12. e5 Ne8 13. Bg5 Bb7 14. Rfe1 f6 15. Qb3+ Kh8 16. Bh4 Bxf3 17.
gxf3 fxe5 18. dxe5 Bxe5 19. Qe6 Nf6 20. Rad1 Qc7 21. f4 Bxc3 22. bxc3 Rae8 23. Re3 Qc5 24. Rde1 Nd5 25. Rf3 Nxf4 26. Qd7 e5 27. Bf6+ Rxf6 28.
Qxe8+ Kg7 29. Qe7+ Rf7 30. Qh4 h6 31. Qg3 g5 32. h4 Kg6 33. hxg5 hxg5 34. Qg4 Rf6 35. Kh2 Qd5 36. Kg3 Nh5+ 37. Kg2 Nf4+ 38. Kg1 Qe6 39. Qxe6 Rxe6 40. Rfe3 Kf5 41. f3 d5 42. Kf2 Kf6 43. Kg3 Kf5 44. Rc1 d4 45. cxd4 exd4 46. Rxe6 Nxe6 47.
Rd1 Ke5 48. Re1+ Kd5 49. Kg4 Kc4 50. Kf5 Nf4 51. Ke4 d3 52. Rc1+ Kb4 53. Ke3 a5 54. Rg1 Ne6 55. Kxd3 b5 56. Kc2 Kc5 57. Kc3 Kd5 58. Kd3 Ke5 59. Re1+ Kf5 60. Rc1 Kf4 61.
Rc6 Kf5 62. Rb6 b4 63. Rb5+ Kf4 64. Rxa5 Kxf3 65. Rf5+ Nf4+ 66. Kd2 g4 67. Ke1 g3 68. Kf1 g2+ 69. Kg1 Kg3 70. Rg5+ Kh4 71. Rb5 Kg3 72. Rg5+ Kf3 73. Rf5 Ke4 74. Rb5 Kf3 75. Rf5 Ke4 76. Rb5 Kf3 77. Rf5 Kg4 78. Rf8 Kf3 79. Kh2 Ke4 80.
Re8+ Kf3 81. Rg8 Ke3 82. Kg1 Kf3 83. Rf8 Kg3 84. Rg8+ Kf3 85. Kh2 Kf2 86. Rg4 Kf3 87. Rg3+ Kf2 88. Rg4 Kf3 89. Rg7 Kf2 90. Rg4 Kf3 91.
Rh4 Ke3 92. Rg4 Kf3 93. Rg8 Kf2 94. Rg4 Kf3 1/2-1/2

[Event "*** Titled Tuesday 3|2 Blitz (Late)"]
[Site "Chess.com"]
[Date "2016.12.06"]
[Round "7"]
[White "KNVB"]
[Black "jcibarra"]
[Result "0-1"]
[WhiteElo "2542"]
[BlackElo "2626"]
[TimeControl "180+2"]
[EndTime "18:30:37 PST"]
[Termination "jcibarra won on time"]

1. d4 Nf6 2. c4 d6 3. Nc3 Bf5 4.
g3 c6 5. Bg2 Nbd7 6. e4 Bg6 7.
Nge2 e5 8. O-O Be7 9. h3 O-O 10. Be3 a6 11. f4 h6 12. dxe5 dxe5 13. f5 Bh7 14. Qe1 b5 15. Qf2 bxc4 16. Rac1 Qa5 17. g4 Nc5 18. Rc2 Nd3 19. Qf3 Rab8 20. h4 Bc5 21. Bxc5 Qxc5+ 22. Kh2 h5 23. gxh5 Rxb2 24. Rxb2 Nxb2 25. Qg3 Nxh5 26. Qg5 Nf6 27. Bf3 Kh8 28.
Rg1 Qf2+ 29. Rg2 Qxg2+ 30. Kxg2 Nd3 31. Qe3 g6 32. fxg6 Bxg6 33. Kh3 Kg7 34. Bg2 Nh5 35.
Qg5 f6 36. Qe3 Rg8 37. Bf3 Kh7 38. Bxh5 Bxh5 39. Ng3 Nf4+ 40. Kh2 Bg6 41. h5 Be8 42. Qa7+ Kh6 43. Qe7 Kg5 44. Nd1 Bxh5 45. Nf2 Bg6 46. Nh3+ Nxh3 47. Kxh3 Rb8 48. Qc5 Bf7 49. Qe3+ Kg6 50.
Nf5 Rh8+ 51. Kg2 Rh5 52. Ng3 Rh4 53. Nf5 Rh5 54. Kf2 Be6 55. Qg3+ Rg5 56. Qh3 Bxf5 57. exf5+ Rxf5+ 58. Ke3 Rf4 59. Qg2+ Kf5 60. Qxc6 a5 61.
Qd7+ Kg6 62. a4 c3 63. Qc6 Rh4 64. Kd3 Rh3+ 65. Kc2 Kg5 66. Qc5 Kf4 67. Qxa5 e4 68. Qb6 f5 69. Qf2+ Rf3 70. Qh2+ Ke3 71. Kxc3 Rf2 72.
Qg3+ Rf3 73. Qg1+ Ke2+ 74. Kb2 e3 75. a5 Rf1 76. Qh2+ Rf2 77. Qe5 Kf1+ 78. Kb3 e2 79.
a6 Rf3+ 80. Kb2 Rf2 81. Kb1 e1=Q+ 82. Qxe1+ Kxe1 83. a7 f4 84. a8=Q f3 85. Kc1 Kf1 86.
Qh8 Rg2 87. Qh1+ Ke2 88. Qd1+ Ke3 89. Qe1+ Re2 90. Qg3 Rg2 91. Qe1+ Kf4 92. Kd1 Kg4 93. Qe4+ Kg3 94. Qe3 Re2 95. Qg5+ Kf2 96. Qh4+ Kg2 97. Qg4+ Kf2 98. Qh3 Ke3 99. Qg3 Rg2 100. Qe5+ Kd3 101. Qe6 Rg1+ 0-1

[Event "*** Titled Tuesday 3|2 Blitz (Late)"]
[Site "Chess.com"]
[Date "2016.12.06"]
[Round "8"]
[White "FranklinAPalomo"]
[Black "jposthuma"]
[Result "0-1"]
[WhiteElo "2389"]
[BlackElo "2234"]
[TimeControl "180+2"]
[EndTime "18:32:44 PST"]
[Termination "jposthuma won by resignation"]

1. Nf3 Nf6 2. c4 g6 3. g3 Bg7 4. Bg2 O-O 5. O-O d6 6. d4 Nc6 7.
h3 e5 8. d5 Ne7 9. Nc3 Nh5 10. e4 Bd7 11. Re1 Qe8 12. Be3 f5 13. Qd2 f4 14. gxf4 Nxf4 15. Bd4 exd4 0-1

[Event "*** Titled Tuesday 3|2 Blitz (Late)"]
[Site "Chess.com"]
[Date "2016.12.06"]
[Round "8"]
[White "nonscitis"]
[Black "calemcc"]
[Result "1-0"]
[WhiteElo "2364"]
[BlackElo "2105"]
[TimeControl "180+2"]
[EndTime "18:34:39 PST"]
[Termination "nonscitis won by resignation"]

1. d4 d5 2. c4 e6 3. Nf3 c6 4. Nc3 dxc4 5. a4 Bb4 6. e3 b5 7.
axb5 cxb5 8. Bd2 a5 9. Nxb5 Bb7 10. Bxb4 axb4 11. Rxa8 Bxa8 12. Bxc4 Nf6 13. O-O O-O 14.
Bd3 h6 15. Qc2 Nc6 16. Rc1 Bb7 17. Bf1 Qd5 18. Qc5 Qe4 19. Nd6 1-0

[Event "*** Titled Tuesday 3|2 Blitz (Late)"]
[Site "Chess.com"]
[Date "2016.12.06"]
[Round "8"]
[White "Bigfish1995"]
[Black "LPSupi"]
[Result "1-0"]
[WhiteElo "2698"]
[BlackElo "2598"]
[TimeControl "180+2"]
[EndTime "18:35:05 PST"]
[Termination "Bigfish1995 won by checkmate"]

1. e4 c5 2. Nf3 e6 3. d4 cxd4 4.
Nxd4 a6 5. Nc3 Nc6 6. Be2 Qc7 7. O-O Nf6 8. Be3 Be7 9. f4 d6 10. Qe1 O-O 11. Qg3 Bd7 12. Nf3 b5 13. a3 Rab8 14.
e5 Ne8 15. Bd3 dxe5 16. fxe5 f5 17. exf6 Qxg3 18. fxe7 Qd6 19. Bxh7+ Kf7 20. Ne4 Qd5 21. exf8=R+ Kxf8 22.
Bc5+ Ne7 23. Rad1 Qh5 24. Ne5+ Nf6 25. Nxd7+ Kf7 26. Nd6# 1-0

[Event "*** Titled Tuesday 3|2 Blitz (Late)"]
[Site "Chess.com"]
[Date "2016.12.06"]
[Round "8"]
[White "GeorgMeier"]
[Black "ShimanovAlex"]
[Result "1/2-1/2"]
[WhiteElo "2758"]
[BlackElo "2680"]
[TimeControl "180+2"]
[EndTime "18:36:25 PST"]
[Termination "Game drawn by agreement"]

1. Nf3 Nf6 2. g3 g6 3. Bg2 Bg7 4. O-O c5 5. c4 O-O 6. Nc3 d5 7.
cxd5 Nxd5 8. d3 Nc6 9. Nxd5 Qxd5 10. Be3 Bd7 11. Nd4 Qd6 12. Nxc6 Bxc6 13. Bxc6 Qxc6 14.
Rc1 Qa6 15. Rxc5 b6 16. Rc2 Qxa2 17. b4 Qa4 18. Qb1 Rfc8 19. Rfc1 Rxc2 20. Rxc2 Qb5 21.
Rc4 h5 22. Qc2 a5 23. bxa5 bxa5 24. Ra4 Bf6 25. h4 Kg7 26. Bd2 Rb8 27. Rxa5 Qb1+ 28. Qxb1 Rxb1+ 29. Kg2 Rb2 30. Be3 Rxe2 31. Kf3 Rc2 32.
d4 e6 33. d5 exd5 34. Rxd5 1/2-1/2

[Event "*** Titled Tuesday 3|2 Blitz (Late)"]
[Site "Chess.com"]
[Date "2016.12.06"]
[Round "8"]
[White "Sethu0025"]
[Black "1e41-0"]
[Result "1-0"]
[WhiteElo "2607"]
[BlackElo "2202"]
[TimeControl "180+2"]
[EndTime "18:36:30 PST"]
[Termination "Sethu0025 won by resignation"]

1. e4 c5 2. Nf3 e6 3. d4 cxd4 4.
Nxd4 a6 5. Nc3 b5 6. Bd3 Bc5 7.
Nb3 Be7 8. Qg4 Nf6 9. Qg3 d6 10. O-O O-O 11. f4 Nbd7 12. a3 Qc7 13. Bd2 Bb7 14.
Rae1 Rac8 15. e5 dxe5 16. fxe5 Nd5 17. Bh6 Qb6+ 18. Kh1 g6 19. Bxf8 Bxf8 20. Nxd5 Bxd5 21. Qf4 Qb7 22. Qxf7+ Kh8 23. Qf2 Nc5 24. Nd4 Nxd3 25.
cxd3 Bc5 26. Rc1 Rf8 27. Qe2 Rxf1+ 28. Qxf1 Bxg2+ 29. Qxg2 Qxg2+ 30. Kxg2 Bxd4 31. Rc6 Bxe5 32. b4 Bb2 33. Rxa6 Kg7 34. a4 bxa4 35. b5 a3 36. b6 Kf6 37. b7 Be5 38. Rxa3 Ke7 39. Ra8 Kd7 1-0

[Event "*** Titled Tuesday 3|2 Blitz (Late)"]
[Site "Chess.com"]
[Date "2016.12.06"]
[Round "8"]
[White "Bishops83"]
[Black "stalyansky"]
[Result "1-0"]
[WhiteElo "2288"]
[BlackElo "2121"]
[TimeControl "180+2"]
[EndTime "18:37:07 PST"]
[Termination "Bishops83 won by resignation"]

1. e4 e5 2. Nf3 Nc6 3. d4 exd4 4.
Nxd4 Bc5 5. Nb3 Bb6 6. Nc3 Nge7 7.
Qe2 O-O 8. Be3 Nb4 9. O-O-O Bxe3+ 10. Qxe3 a5 11. a3 Nbc6 12. f4 d6 13. Be2 Ng6 14. Kb1 Qf6 15. f5 Nge5 16. Nd5 Qh6 17. Qxh6 gxh6 18.
Nxc7 Rb8 19. Rxd6 Kg7 20. Rhd1 b6 21. Nd5 Bb7 22. Nxb6 a4 23. Nxa4 Ne7 24. f6+ Kg8 25. fxe7 Rfe8 26. Rd8 Bc6 27. Rxb8 1-0